 Dungeon Crawl Stone Soup version 0.25-a0-23-gdc1bd94 (webtiles) character file.

Game seed: 14428919166762771340, levelgen mode: deterministic

130 Faca the Stinger (level 5, 0/37 HPs)
             Began as a Gnoll Venom Mage on Oct 16, 2019.
             Slain by Grinder (9 damage)
             ... on level 3 of the Dungeon.
             The game lasted 00:09:16 (2036 turns).

Faca the Stinger (Gnoll Venom Mage)                 Turns: 2036, Time: 00:09:16

Health: 0/37       AC:  7    Str: 10    XL:     5   Next: 14%
Magic:  8/12       EV: 12    Int: 19    God:
Gold:   86         SH:  0    Dex: 15    Spells: 11/14 levels left

rFire    . . .     SeeInvis .   i - +1 dagger (speed)
rCold    . . .     Gourm    .   (no shield)
rNeg     . . .     Faith    .   j - +0 ring mail
rPois    .         Spirit   .   (no helmet)
rElec    .         Reflect  .   (no cloak)
rCorr    .         Harm     .   (no gloves)
MR       .....                  d - +1 pair of boots
Stlth    ++........             (no amulet)
HPRegen  0.12/turn              (no ring)
MPRegen  0.13/turn              (no ring)

@: about to teleport
A: distributed training, fangs 1, strong nose
a: no special abilities


You were on level 3 of the Dungeon.
You were hungry.

You visited 1 branch of the dungeon, and saw 3 of its levels.

You collected 86 gold pieces.

Inventory:

Hand Weapons
 i - a +1 dagger of speed (weapon)
Missiles
 h - 10 poisoned darts (quivered)
 n - 7 silver boomerangs
Armour
 a - a +0 robe
 d - a +1 pair of boots (worn)
 j - a +0 ring mail (worn)
Wands
 b - a wand of flame (17)
Scrolls
 f - a scroll of remove curse
 k - a scroll of immolation {unknown}
 l - a scroll of amnesia {unknown}
Potions
 e - a potion of resistance
Comestibles
 c - 5 rations
 g - a chunk of flesh


   Skills:
 + Level 1.3 Fighting
 + Level 1.3 Short Blades
 + Level 1.3 Long Blades
 + Level 1.3 Axes
 + Level 1.3 Maces & Flails
 + Level 1.3 Polearms
 + Level 1.3 Staves
 + Level 1.3 Slings
 + Level 1.3 Bows
 + Level 1.3 Crossbows
 + Level 1.3 Throwing
 + Level 1.3 Armour
 + Level 4.7 Dodging
 + Level 4.3 Stealth
 + Level 1.3 Shields
 + Level 1.3 Unarmed Combat
 + Level 5.1 Spellcasting
 + Level 2.3 Conjurations
 + Level 1.1 Hexes
 + Level 1.1 Charms
 + Level 1.1 Summonings
 + Level 1.1 Necromancy
 + Level 1.1 Translocations
 + Level 1.1 Transmutations
 + Level 1.1 Fire Magic
 + Level 1.1 Ice Magic
 + Level 1.1 Air Magic
 + Level 1.1 Earth Magic
 + Level 5.5 Poison Magic
 + Level 1.5 Invocations
 + Level 1.3 Evocations


You had 11 spell levels left.
You knew the following spells:

 Your Spells              Type           Power        Failure   Level  Hunger
a - Sting                 Conj/Pois      ###.         6%          1    None
b - Poisonous Vapours     Pois/Air       ###...       12%         2    #......

Your spell library contained the following spells:

 Spells                   Type           Power        Failure   Level  Hunger
 Mephitic Cloud           Conj/Pois/Air  ###.....     26%         3    ##.....
 Olgreb's Toxic Radiance  Pois           ####....     32%         4    ####...
 Venom Bolt               Conj/Pois      ###.......   86%         5    ######.


Dungeon Overview and Level Annotations

Branches:
Dungeon (3/15)

Altars:

Annotations:
D:3 Grinder


Innate Abilities, Weirdness & Mutations

Your experience applies equally to all skills.
You have very sharp teeth.
Your uncanny sense of smell can sniff out nearby items.


Message History

Evoke which item? (* to show all) (? for menu, Esc to quit)
Aiming: Throw Flame
Press: ? - help, Shift-Dir - straight line, f/p - Grinder
Aim: Grinder (heavily wounded)
The puff of flame hits Grinder.
Grinder is severely wounded.
Grinder gestures at you. Pain shoots through your body!
Evoke which item? (* to show all) (? for menu, Esc to quit)
Aiming: Throw Flame
Press: ? - help, Shift-Dir - straight line, f/p - Grinder
Aim: Grinder (severely wounded)
The puff of flame hits Grinder.
Grinder is severely wounded.
Grinder hits you.
You writhe in agony.
* * * LOW HITPOINT WARNING * * *
Okay, then.
As you read the scroll of teleportation, it crumbles to dust.
You feel strangely unstable. Grinder hits you!
You die...

#......... #.....#... ....
#.....#... ...>. ##########
#.....#... ..... .........#
#.....#... .....##.######.#
#.....+..( ......##...#.#
#.....#... #...........#
#...[.#... #....##@#.#.#
#.....#
#....##5#.#####.....####
.##.......#.# #....†......
...........#.# #.#.........
...........#.# #.#.........
...........#.###.#.........
...........#.....#.........
..........(#######.........
#####......# #.........


You could see Grinder.

Vanquished Creatures
  Natasha (D:3)
  Terence (D:2)
  2 adders
  3 worms (D:2)
  A dart slug (D:2)
  A leopard gecko (D:1)
  4 bats
  2 giant cockroaches (D:1)
  5 goblins
  11 hobgoblins
  3 jackals (D:2)
  7 kobolds
  A ball python (D:1)
  5 frilled lizards
  5 rats
52 creatures vanquished.

Notes
Turn   | Place    | Note
-------+----------+-------------------------------------------
     0 | D:1      | Faca the Gnoll Venom Mage began the quest for the Orb.
     0 | D:1      | Reached XP level 1. HP: 13/13 MP: 6/6
    99 | D:1      | Reached XP level 2. HP: 18/19 MP: 4/7
   465 | D:1      | Reached XP level 3. HP: 25/25 MP: 9/9
   494 | D:1      | You fall into a shaft and drop 1 floor!
   551 | D:2      | Reached skill level 5 in Spellcasting
   692 | D:2      | Noticed Terence
   715 | D:2      | Killed Terence
   715 | D:2      | Reached skill level 1 in Fighting
   715 | D:2      | Reached skill level 1 in Short Blades
   715 | D:2      | Reached skill level 1 in Long Blades
   715 | D:2      | Reached skill level 1 in Axes
   715 | D:2      | Reached skill level 1 in Maces & Flails
   715 | D:2      | Reached skill level 1 in Polearms
   715 | D:2      | Reached skill level 1 in Staves
   715 | D:2      | Reached skill level 1 in Slings
   715 | D:2      | Reached skill level 1 in Bows
   715 | D:2      | Reached skill level 1 in Crossbows
   715 | D:2      | Reached skill level 1 in Throwing
   715 | D:2      | Reached skill level 1 in Armour
   715 | D:2      | Reached skill level 1 in Shields
   715 | D:2      | Reached skill level 1 in Unarmed Combat
   715 | D:2      | Reached skill level 1 in Invocations
   715 | D:2      | Reached skill level 1 in Evocations
   715 | D:2      | Reached XP level 4. HP: 17/32 MP: 8/11
  1104 | D:2      | Found a faded altar of an unknown god.
  1761 | D:3      | Noticed Grinder
  1769 | D:3      | Paralysed by Grinder for 2 turns
  1776 | D:2      | Learned a level 2 spell: Poisonous Vapours
  1819 | D:3      | Reached skill level 1 in Hexes
  1819 | D:3      | Reached skill level 1 in Charms
  1819 | D:3      | Reached skill level 1 in Summonings
  1819 | D:3      | Reached skill level 1 in Necromancy
  1819 | D:3      | Reached skill level 1 in Translocations
  1819 | D:3      | Reached skill level 1 in Transmutations
  1819 | D:3      | Reached skill level 1 in Fire Magic
  1819 | D:3      | Reached skill level 1 in Ice Magic
  1819 | D:3      | Reached skill level 1 in Air Magic
  1819 | D:3      | Reached skill level 1 in Earth Magic
  2009 | D:3      | Noticed Natasha
  2020 | D:3      | Killed Natasha
  2020 | D:3      | Reached XP level 5. HP: 37/37 MP: 7/12
  2036 | D:3      | Slain by Grinder

Levels and vault maps discovered:
D:1:      wander_arrival_peaceful_grave, layout_basic, minmay_door_square
D:2:      layout_basic, chequers_ecumenical_altar_twisty, uniq_terence
D:3:      layout_basic, uniq_sigmund, uniq_grinder, uniq_natasha

Skill      XL: |  1  2  3  4 |
---------------+-------------+-----
Conjurations   | 2 |  2.3
Spellcasting   | 5 |  5.1
Fighting       | 1 |  1.3
Short Blades   | 1 |  1.3
Long Blades    | 1 |  1.3
Axes           | 1 |  1.3
Maces & Flails | 1 |  1.3
Polearms       | 1 |  1.3
Staves         | 1 |  1.3
Slings         | 1 |  1.3
Bows           | 1 |  1.3
Crossbows      | 1 |  1.3
Throwing       | 1 |  1.3
Armour         | 1 |  1.3
Shields        | 1 |  1.3
Unarmed Combat | 1 |  1.3
Invocations    | 1 |  1.5
Evocations     | 1 |  1.3
Hexes          | 1 |  1.1
Charms         | 1 |  1.1
Summonings     | 1 |  1.1
Necromancy     | 1 |  1.1
Translocations | 1 |  1.1
Transmutations | 1 |  1.1
Fire Magic     | 1 |  1.1
Ice Magic      | 1 |  1.1
Air Magic      | 1 |  1.1
Earth Magic    | 1 |  1.1
Dodging        | |  4.7
Stealth        | |  4.3
Poison Magic   | |  5.5

Action                   |  1- 3 |  4- 6 || total
-------------------------+-------+-------++-------
Melee: Whip              |    21 |       ||    21
       Dagger            |    57 |    93 ||   150
       Bite              |     6 |     8 ||    14
       Punch             |       |     1 ||     1
Throw: Dart              |       |     2 ||     2
 Cast: Sting             |    27 |    11 ||    38
       Poisonous Vapours |       |     1 ||     1
Evoke: Wand              |       |     6 ||     6
  Use: Scroll            |       |     8 ||     8
 Stab: Sleeping          |     3 |     5 ||     8
  Eat: Chunk             |       |     3 ||     3
Armor: Robe              |     1 |       ||     1
       Ring mail         |    10 |    22 ||    32
Dodge: Dodged            |    25 |    57 ||    82

Table legend:
 A = Non-vault XP
 B = Vault XP
 C = Vault XP percentage of total XP
 D = Non-vault monster count
 E = Vault monster count
 F = Vault count percentage of total count
                 A         B        C        D         E       F
            +---------+---------+-------+---------+---------+-------
      Total |     115 |      72 |  38.5 |      50 |       2 |   3.8
            +---------+---------+-------+---------+---------+-------
        D:1 |      34 |       0 |   0.0 |      19 |       0 |   0.0
        D:2 |      61 |      36 |  37.1 |      24 |       1 |   4.0
        D:3 |      20 |      36 |  64.3 |       7 |       1 |  12.5
            +---------+---------+-------+---------+---------+-------
